[Event "EYTCC U12 Girls 2019"]
[Site "Pardubice"]
[Date "2019.07.17"]
[Round "7.21"]
[White "Havelkova, Beata"]
[Black "Ivanova, Dilyana"]
[Result "0-1"]
[ECO "B22"]
[WhiteElo "1316"]
[BlackElo "1734"]
[Annotator "NA"]
[PlyCount "92"]
[EventDate "2019.07.11"]
[EventType "swiss"]
[EventCountry "CZE"]
[SourceTitle "playchess.com"]
[Source "ChessBase"]
[SourceQuality "1"]
[WhiteTeam "Czech Republic"]
[BlackTeam "Bulgaria"]
[WhiteTeamCountry "CZE"]
[BlackTeamCountry "BUL"]
[TimeControl "40/5400+30:1800+30"]

1. e4 c5 2. c3 d5 3. exd5 Qxd5 4. d4 Nc6 5. Nf3 e5 6. Nxe5 Nxe5 7. dxe5 Qxe5+ 8. Be3 a6 9. Qf3 Bd6 10. Nd2 Nf6 11. Nc4 Qe7 12. Nxd6+ Qxd6 13. Bc4 O-O 14. O-O Bg4 15. Qf4 Qxf4 16. Bxf4 b5 17. Bd3 Rad8 18. Bc2 Rfe8 19. h3 Be2 20. Rfe1 Nd5 21. Bg3 g5 22. a4 b4 23. cxb4 Nxb4 24. Bd1 Rd2 25. Bxe2 Rexe2 26. Rxe2 Rxe2 27. b3 f5 28. f4 h6 29. fxg5 hxg5 30. Bd6 Rc2 31. Re1 Nd3 32. Re8+ Kf7 33. Ra8 Nb4 34. Rc8 Ke6 35. Rxc5 Kxd6 36. Rxf5 Rc5 37. Rf3 Kd5 38. Kf2 Kd4 39. g3 Nd3+ 40. Ke2 Rc3 41. Rf6 Nc1+ 42. Kd1 a5 43. Rf5 Nxb3 44. Rxg5 Ke3 45. Re5+ Kf3 46. Rf5+ Kxg3 0-1

[Event "EYTCC U12 Girls 2019"]
[Site "Pardubice"]
[Date "2019.07.17"]
[Round "7.22"]
[White "Karaivanova, Petya"]
[Black "Janouskova, Adela"]
[Result "1-0"]
[ECO "B75"]
[WhiteElo "1792"]
[BlackElo "1200"]
[Annotator "NA"]
[PlyCount "109"]
[EventDate "2019.07.11"]
[EventType "swiss"]
[EventCountry "CZE"]
[SourceTitle "playchess.com"]
[Source "ChessBase"]
[SourceQuality "1"]
[WhiteTeam "Bulgaria"]
[BlackTeam "Czech Republic"]
[WhiteTeamCountry "BUL"]
[BlackTeamCountry "CZE"]
[TimeControl "40/5400+30:1800+30"]

1. e4 c5 2. Nf3 d6 3. d4 cxd4 4. Nxd4 Nf6 5. Nc3 g6 6. Be3 Bg7 7. f3 Nc6 8. Bc4 O-O 9. Bb3 Bd7 10. Qd2 Rc8 11. O-O-O Ne5 12. Bh6 Nc4 13. Bxc4 Rxc4 14. Bxg7 Kxg7 15. Kb1 Qb6 16. Nb3 a5 17. e5 Ne8 18. Nd5 Qd8 19. exd6 Nxd6 20. Nxe7 Qxe7 21. Qxd6 Qxd6 22. Rxd6 Bf5 23. Nd4 Rc5 24. g4 Bc8 25. Re1 b5 26. Nb3 Rc7 27. Nxa5 Bb7 28. Nxb7 Rxb7 29. f4 Rc8 30. Rd5 Rbc7 31. Re2 Rc4 32. Rf2 b4 33. b3 Re4 34. Kb2 Rce8 35. Rd1 Re2 36. Rd2 Rxd2 37. Rxd2 Re4 38. Rf2 Kf6 39. a3 bxa3+ 40. Kxa3 h5 41. h3 Re3 42. f5 Rxh3 43. fxg6+ Kxg6 44. gxh5+ Rxh5 45. b4 Re5 46. c4 f5 47. b5 Re8 48. Kb4 Kg5 49. c5 f4 50. b6 Kg4 51. c6 f3 52. c7 Kg3 53. Rxf3+ Kxf3 54. b7 Re4+ 55. Kc5 1-0

[Event "EYTCC U12 Girls 2019"]
[Site "Pardubice"]
[Date "2019.07.17"]
[Round "7.23"]
[White "Veverkova, Dorota"]
[Black "Zhou, Lepu Coco"]
[Result "0-1"]
[ECO "C55"]
[WhiteElo "1348"]
[BlackElo "1861"]
[Annotator "NA"]
[PlyCount "78"]
[EventDate "2019.07.11"]
[EventType "swiss"]
[EventCountry "CZE"]
[SourceTitle "playchess.com"]
[Source "ChessBase"]
[SourceQuality "1"]
[WhiteTeam "Czech Republic"]
[BlackTeam "Germany"]
[WhiteTeamCountry "CZE"]
[BlackTeamCountry "GER"]
[TimeControl "40/5400+30:1800+30"]

1. e4 e5 2. Nf3 Nc6 3. d4 exd4 4. Bc4 Nf6 5. e5 d5 6. Bb5 Ne4 7. Nxd4 Bd7 8. Bxc6 bxc6 9. O-O Bc5 10. f3 Ng5 11. f4 Ne4 12. Nc3 Nxc3 13. bxc3 Bb6 14. Be3 Ba5 15. Qd2 Bb6 16. Rae1 Qe7 17. Bf2 O-O 18. Bg3 c5 19. Nf3 Bb5 20. Rf2 Qd7 21. Kh1 d4 22. Nh4 Ba5 23. Qc1 Bxc3 24. Rd1 Qe6 25. f5 Qa6 26. f6 gxf6 27. exf6 Kh8 28. Ng6+ fxg6 29. f7 d3 30. Qe3 Bg7 31. cxd3 Bd7 32. Be5 Qe6 33. Re1 Rab8 34. h3 Qxe5 35. Qxe5 Bxe5 36. Rxe5 Bf5 37. Rxc5 Rxf7 38. g4 Be4+ 39. Kg1 Rb1+ 0-1

[Event "EYTCC U12 Girls 2019"]
[Site "Pardubice"]
[Date "2019.07.17"]
[Round "7.24"]
[White "Pohle, Saskia"]
[Black "Zadrapova, Amalie"]
[Result "1-0"]
[ECO "B90"]
[WhiteElo "1719"]
[BlackElo "1248"]
[Annotator "NA"]
[PlyCount "57"]
[EventDate "2019.07.11"]
[EventType "swiss"]
[EventCountry "CZE"]
[SourceTitle "playchess.com"]
[Source "ChessBase"]
[SourceQuality "1"]
[WhiteTeam "Germany"]
[BlackTeam "Czech Republic"]
[WhiteTeamCountry "GER"]
[BlackTeamCountry "CZE"]
[TimeControl "40/5400+30:1800+30"]

1. e4 c5 2. Nf3 d6 3. d4 cxd4 4. Nxd4 Nf6 5. Nc3 a6 6. Qf3 e6 7. Bd2 Be7 8. O-O-O O-O 9. g4 e5 10. Nf5 Nc6 11. g5 Nd7 12. h4 f6 13. Qg3 g6 14. gxf6 Nxf6 15. h5 Kf7 16. hxg6+ hxg6 17. Bc4+ Ke8 18. Ng7+ Kd7 19. Ne6 Qe8 20. Na4 Bd8 21. Nxf8+ Qxf8 22. Nc3 Qe8 23. Rh6 b5 24. Bd5 Nxd5 25. Nxd5 Bb7 26. Qg4+ Qe6 27. Rh7+ Ne7 28. Nf6+ Kc8 29. Qxe6+ 1-0